 Dungeon Crawl Stone Soup version 0.23-a0-641-g0a7f1ce553 (webtiles) character file.

431385 Notair the Slayer (level 22, 0/205 HPs)
             Began as a Minotaur Gladiator on Dec 30, 2018.
             Was a High Priest of Okawaru.
             Slain by a vault warden
             ... wielding a +1 battleaxe of venom
              (23 damage)
             ... on level 5 of the Vaults on Dec 31, 2018.
             The game lasted 04:41:52 (70245 turns).

Notair the Slayer (Minotaur Gladiator)             Turns: 70245, Time: 04:41:53

Health: 0/205      AC: 32    Str: 23    XL:     22   Next: 84%
Magic:  21/24      EV: 24    Int: 19    God:    Okawaru [*****.]
Gold:   3940       SH:  4    Dex: 14    Spells: 7/25 levels left

rFire    + + +     SeeInvis .   k - +6 bardiche (chop)
rCold    . . .     Gourm    .   (shield currently unavailable)
rNeg     + . .     Faith    .   J - +7 fire dragon scales
rPois    .         Spirit   .   C - +1 hat {Int+3}
rElec    .         Reflect  +   X - +0 cloak {MR+}
rCorr    +         Harm     .   y - +0 pair of gloves {Str+3}
MR       +++..                  t - +2 pair of boots {run}
Stlth    +.........             w - +4 amulet of reflection
HPRegen  1.44/turn              u - ring of positive energy
MPRegen  0.19/turn              U - ring "Xitiff" {rCorr rF+ rC+ MR+ Int+4}

@: heroism, regenerating (expiring), quick
A: retaliatory headbutt, horns 2, frail 1, low mp 1
}: 2/15 runes: decaying, serpentine
a: Heroism, Finesse, Renounce Religion


You were on level 5 of the Vaults.
You worshipped Okawaru.
Okawaru was extremely pleased with you.
You were not hungry.

You visited 8 branches of the dungeon, and saw 40 of its levels.
You visited 2 bazaars.
You also visited: Gauntlet, Ice Cave and Volcano.

You collected 6031 gold pieces.
You spent 2091 gold pieces at shops.

Inventory:

Hand Weapons
 a - a +4 glaive of flaming
 k - a +6 bardiche of chopping (weapon)
Missiles
 d - 4 throwing nets (quivered)
Armour
 i - +1 gold dragon scales
 t - a +2 pair of boots of running (worn)
 y - a +0 pair of gloves of strength (worn)
 C - a +1 hat of intelligence (worn)
 J - +7 fire dragon scales (worn)
 X - a +0 cloak of magic resistance (worn)
Jewellery
 u - a ring of positive energy (left hand)
 v - the ring "Benomo Ziso" {+Inv +Fly rPois}
   (You took it off a deep elf demonologist on level 3 of the Elven Halls)

   [ring of flight]

   It protects you from poison.
   It lets you turn invisible.
   It lets you fly.
 w - a +4 amulet of reflection (around neck)
 O - an uncursed ring of see invisible
 U - the ring "Xitiff" (right hand) {rCorr rF+ rC+ MR+ Int+4}
   (You found it on level 3 of the Lair of Beasts)

   [ring of resist corrosion]

   It affects your intelligence (+4).
   It protects you from fire.
   It protects you from cold.
   It affects your resistance to hostile enchantments.
Wands
 c - a wand of polymorph (14)
 p - a wand of flame (38)
 D - a wand of paralysis (32)
 F - a wand of disintegration (16)
 H - a wand of acid (36)
 L - a wand of clouds (1)
 P - a wand of digging (6)
 Q - a wand of iceblast (42)
 S - a wand of enslavement (34)
 Z - a wand of scattershot (16)
Scrolls
 e - 15 scrolls of remove curse
 h - 16 scrolls of teleportation
 l - 7 scrolls of fog
 o - a scroll of summoning
 s - 7 scrolls of fear
 x - a scroll of brand weapon {unknown}
 B - 7 scrolls of identify
 G - a scroll of torment {unknown}
 I - 5 scrolls of magic mapping
 M - 6 scrolls of immolation
 N - 2 scrolls of holy word
 R - 4 scrolls of silence
 Y - 2 scrolls of blinking
Potions
 b - 5 potions of agility
 g - 5 potions of invisibility
 j - a potion of ambrosia
 n - 17 potions of curing
 q - 5 potions of flight
 r - 5 potions of mutation
 z - 6 potions of lignification
 E - 11 potions of haste
 K - 7 potions of might
 V - 3 potions of cancellation
 W - 3 potions of berserk rage
Miscellaneous
 A - a fan of gales
 T - 6 phantom mirrors
Comestibles
 f - 31 rations
 m - 4 chunks of flesh


   Skills:
 + Level 26.1(27) Fighting
 + Level 22.2(27) Polearms
 - Level 2.0(7.0) Throwing
 - Level 18.0(23.0) Armour
 - Level 18.0(23.0) Dodging
 - Level 2.0 Spellcasting
 - Level 6.0 Charms
 - Level 7.0 Necromancy
 - Level 6.0 Air Magic
 - Level 8.0 Invocations


You had 7 spell levels left.
You knew the following spells:

 Your Spells              Type           Power        Failure   Level  Hunger
a - Regeneration          Chrm/Necr      ####......   6%          3    ###....
b - Swiftness             Chrm/Air       ###.....     3%          2    ###....
c - Deflect Missiles      Chrm/Air       ###.......   98%         6    #######
d - Song of Slaying       Chrm           ###.....     3%          2    ###....
e - Spectral Weapon       Hex/Chrm       ##......     26%         3    ###....
f - Blink                 Tloc           N/A          41%         2    ###....

Your spell library contained the following spells:

 Spells                   Type           Power        Failure   Level  Hunger
 Animate Skeleton         Necr           N/A          1%          1    #......
 Pain                     Necr           ####         1%          1    #......
 Infusion                 Chrm           ###.         2%          1    #......
 Sublimation of Blood     Necr           ####......   2%          2    ###....
 Vampiric Draining        Necr           ####......   4%          3    ###....
 Shock                    Conj/Air       ##..         9%          1    #......
 Poisonous Vapours        Pois/Air       ##....       13%         2    ###....
 Shroud of Golubria       Chrm/Tloc      ##........   13%         2    ###....
 Animate Dead             Necr           N/A          17%         4    #####..
 Ozocubu's Armour         Chrm/Ice       ##......     26%         3    ###....
 Static Discharge         Conj/Air       ##......     26%         3    ###....
 Airstrike                Air            ###.......   26%         4    #####..
 Apportation              Tloc           #.....       30%         1    #......
 Confusing Touch          Hex            #.....       30%         1    #......
 Corona                   Hex            #......      30%         1    #......
 Freeze                   Ice            #...         30%         1    #......
 Magic Dart               Conj           #...         30%         1    #......
 Summon Butterflies       Summ           #.......     30%         1    #......
 Summon Small Mammal      Summ           #...         30%         1    #......
 Mephitic Cloud           Conj/Pois/Air  #.......     36%         3    ###....
 Call Imp                 Summ           #.......     41%         2    ###....
 Slow                     Hex            #.......     41%         2    ###....
 Throw Frost              Conj/Ice       #.....       41%         2    ###....
 Conjure Flame            Conj/Fire      #.......     65%         3    ###....
 Ignite Poison            Fire/Tmut/Pois #.......     65%         3    ###....
 Inner Flame              Hex/Fire       #.......     65%         3    ###....
 Portal Projectile        Hex/Tloc       #.....       65%         3    ###....
 Recall                   Summ/Tloc      N/A          65%         3    ###....
 Summon Lightning Spire   Summ/Air       ##......     65%         4    #####..
 Borgnjor's Vile Clutch   Necr/Erth      ###.......   89%         5    ######.
 Lightning Bolt           Conj/Air       ##........   94%         5    ######.
 Silence                  Hex/Air        ##........   94%         5    ######.
 Death Channel            Necr           ####......   95%         6    #######
 Cause Fear               Hex            #.........   96%         4    #####..
 Ice Form                 Ice/Tmut       #.......     96%         4    #####..
 Leda's Liquefaction      Hex/Erth       #.........   96%         4    #####..
 Summon Ice Beast         Ice/Summ       #.......     96%         4    #####..
 Throw Icicle             Conj/Ice       #.......     96%         4    #####..
 Bolt of Magma            Conj/Fire/Erth #.........   100%        5    ######.
 Fireball                 Conj/Fire      #.........   100%        5    ######.
 Metabolic Englaciation   Hex/Ice        #.........   100%        5    ######.
 Summon Forest            Summ/Tloc      #.........   100%        5    ######.
 Yara's Violent Unravell  Hex/Tmut       #.........   100%        5    ######.
 Bolt of Cold             Conj/Ice       #.........   100%        6    #######
 Bolt of Fire             Conj/Fire      #.........   100%        6    #######
 Conjure Ball Lightning   Conj/Air       ##........   100%        6    #######
 Freezing Cloud           Conj/Ice/Air   #.........   100%        6    #######
 Iron Shot                Conj/Erth      #.........   100%        6    #######
 Ozocubu's Refrigeration  Ice            #.........   100%        6    #######
 Simulacrum               Ice/Necr       ###.......   100%        6    #######
 Statue Form              Tmut/Erth      #........    100%        6    #######
 Ring of Flames           Chrm/Fire      ##........   100%        7    #######
 Summon Hydra             Summ           #.........   100%        7    #######
 Discord                  Hex            #.........   100%        8    #######
 Ignition                 Fire           #.........   100%        8    #######
 Shatter                  Erth           #.........   100%        9    #######
 Tornado                  Air            ###.......   100%        9    #######


Dungeon Overview and Level Annotations

Branches:
Dungeon (15/15)            Temple (1/1) D:5            Lair (6/6) D:9
  Swamp (4/4) Lair:4        Snake (4/4) Lair:2        Slime (0/5) Lair:5
    Orc (2/2) D:10            Elf (3/3) Orc:2        Vaults (5/5) D:13
  Crypt (0/3) Vaults:3     Depths (0/5) D:15

Altars:
Ashenzari
Cheibriados
Dithmenos
Elyvilon
Fedhas
Gozag
Kikubaaqudgha
Makhleb
Nemelex Xobeh
Okawaru
Qazlal
Ru
Sif Muna
Trog
Uskayaw
Vehumet
Wu Jian
Xom
Yredelemnul
Zin
The Shining One

Shops:
D:8 ?   D:10 *   D:15 (   Orc:1 (   Orc:2 }![:   Elf:2 [   Elf:3 %   Snake:1 }
Snake:3 :   Vaults:1 *

Annotations:
D:2 exclusion: downstairs
D:8 1 transporter
Lair:5 exclusion: 3 oklob plants
Swamp:4 Lernaean hydra


Innate Abilities, Weirdness & Mutations

You reflexively headbutt those who attack you in melee.
You have a pair of horns on your head.
You are frail. (-10% HP)
Your magical capacity is low. (-10% MP)


Message History

The bolt hits the vault warden.
Your skin is crawling a little less now.
You feel like a meek peon again.
You slice the vault warden!! You headbutt the vault warden!
The vault warden is heavily wounded.
The vault warden unwields a +0 arbalest.
The vault warden wields a +1 battleaxe of venom.
It begins to drip with poison!
The vault warden closely misses you.
You slash the vault warden! Your headbutt misses the vault warden.
The vault warden is severely wounded.
The stone giant throws a large rock.
The large rock hits you!
* * * LOW HITPOINT WARNING * * *
The vault warden hits you with a +1 battleaxe of venom.
* * * LOW HITPOINT WARNING * * *
You are poisoned.
You feel better.
The stone giant throws a large rock.
The large rock closely misses you.
You gain the combat prowess of a mighty hero.
The vault warden hits you with a +1 battleaxe of venom!!
You die...

#####################
...............(.(..#
....................#
################@..(#
#####.p)).#
##......#(.#
#..##..##C.#
#.####.##))#
##.####.##.(#
##...##..##.)#
#.......###((#
........#### #.C#


You could see a stone giant and a vault warden.

Vanquished Creatures
  Vashnia (Snake:2)
  Nikola (Elf:1)
  A tentacled monstrosity (Vaults:5)
  The ghost of Unoem the Warrior, an adept MiBe of Trog (Elf:1)
  Asterion (Snake:1)
  A quicksilver dragon (Vaults:5)
  3 deep elf master archers (Elf:3)
  2 deep elf blademasters (Elf:3)
  3 titans
  A lich (Vaults:5)
  A thorn hunter (Swamp:2)
  A tengu reaver (Vaults:2)
  2 sphinxes
  A storm dragon (Vaults:5)
  Agnes (D:14)
  2 shadow dragons (Vaults:5)
  Kirke (D:14)
  13 nagarajas
  4 deep elf sorcerers
  13 vault wardens
  A frost giant (Vaults:5)
  5 deep elf elementalists
  8 very ugly things
  9 stone giants
  The ghost of Lape Raemo the Fighter, a journeyman KoBe of Trog (Orc:1)
  10 ironheart preservers
  2 war gargoyles
  5 deep elf annihilators
  10 deep elf demonologists
  2 entropy weavers
  A minotaur (Gauntlet)
  3 ettins
  5 fire dragons
  8 yaktaur captains
  Josephine (Snake:1)
  6 great orbs of eyes
  11 deep elf death magi
  2 deep elf high priests
  7 rakshasas
  30 vault guards
  6 ice dragons
  19 naga warriors
  2 centaur warriors (D:15)
  A ghost crab (Swamp:2)
  22 hydras
  A catoblepas (Lair:6)
  Erica (D:11)
  22 anacondas
  38 two-headed ogres
  10 alligators
  A shambling mangrove (Swamp:1)
  2 orc high priests
  21 naga sharpshooters
  11 ogre magi
  35 dancing weapons
  10 shock serpents
  Urug (D:11)
  25 deep elf knights
  Sonja (Lair:6)
  8 salamander mystics
  A fire crab (shapeshifter) (Elf:3)
  7 skeletal warriors
  2 large abominations (Elf:3)
  7 naga ritualists
  A spriggan druid (Swamp:4)
  2 glowing orange brains
  An unseen horror (D:14)
  24 deep elf archers
  3 wizards
  A death drake (Gauntlet)
  2 harpies (shapeshifter)
  17 ironbrand convokers
  6 lindwurms
  5 harpies (Vaults:2)
  4 necromancers
  A phantasmal warrior (Vaults:5)
  A wolf spider zombie (Gauntlet)
  7 swamp dragons
  76 deep elf magi
  6 wolf spiders
  24 ugly things
  12 mana vipers
  21 orc knights
  2 human zombies (Vaults:3)
  2 stone giant zombies (Vaults:2)
  8 orc sorcerers
  A tengu skeleton (Vaults:3)
  A manticore (shapeshifter) (Vaults:1)
  2 manticores (D:13)
  11 cyclopes
  A fire giant zombie (Vaults:3)
  A centaur zombie (D:14)
  A human skeleton (Vaults:2)
  14 salamanders
  24 naga magi
  35 black mambas
  10 guardian serpents
  6 elephants (Lair:5)
  2 black mambas (shapeshifter) (Vaults:2)
  A stone giant skeleton (Vaults:3)
  15 vault sentinels
  3 ice statues (IceCv)
  A frost giant skeleton (Vaults:3)
  A molten gargoyle (Volcano)
  6 torpor snails
  8 spiny frogs
  A storm dragon simulacrum (Vaults:3)
  3 gargoyles
  3 kobold demonologists (D:12)
  4 komodo dragons
  6 freezing wraiths
  2 redback zombies
  4 rime drakes
  4 ice devils (IceCv)
  16 yaktaurs
  A yaktaur skeleton (Vaults:2)
  8 trolls
  A troll (shapeshifter) (D:15)
  A jumping spider (shapeshifter) (Vaults:3)
  2 polar bears
  7 tyrant leeches
  22 hornets
  33 slime creatures
  14 bog bodies
  16 blink frogs
  2 blink frogs (shapeshifter)
  5 dream sheep (Lair:6)
  12 hippogriffs
  A hornet (shapeshifter) (Vaults:2)
  17 flying skulls (D:14)
  2 air elementals (Elf:1)
  4 redbacks
  9 spriggans
  A tarantella (Vaults:1)
  18 yaks
  2 shadows
  3 water elementals
  4 wraiths
  6 basilisks
  7 hogs
  2 hungry ghosts
  Grum (D:11)
  A wyvern (D:8)
  3 fire elementals
  A human (D:7)
  17 vampire mosquitoes
  3 insubstantial wisps (Swamp:3)
  A human simulacrum (Vaults:3)
  A swamp worm (shapeshifter) (Elf:3)
  10 wargs
  47 nagas
  19 swamp worms
  A soldier ant (D:14)
  14 water moccasins
  An acid dragon (D:15)
  15 porcupines
  10 swamp drakes
  2 sky beasts
  52 orc warriors
  4 black bears
  3 ice beasts
  A phantom (D:10)
  A necrophage (D:12)
  A boggart (Vaults:2)
  4 centaurs
  41 ogres
  A crocodile (shapeshifter) (Vaults:5)
  14 crocodiles
  35 wolves
  A big kobold (shapeshifter) (D:15)
  8 big kobolds
  15 bullfrogs
  2 earth elementals
  5 scorpions
  6 killer bees (D:6)
  6 wights (D:14)
  7 howler monkeys
  An electric eel (Lair:4)
  2 bullfrog zombies
  11 crimson imps
  A gnoll shaman (D:4)
  2 draconian simulacra (IceCv)
  8 hounds
  31 orc wizards
  24 orc priests
  6 centaur skeletons
  6 jellies
  2 bullfrog skeletons
  4 iguanas
  8 worker ants
  A spriggan simulacrum (IceCv)
  2 troll simulacra (IceCv)
  A hound zombie (D:6)
  A worker ant zombie (D:4)
  11 gnolls
  A howler monkey skeleton (D:6)
  A naga simulacrum (IceCv)
  4 ogre simulacra (IceCv)
  8 adders
  3 shadow imps
  An ooze (D:1)
  An adder zombie (D:5)
  2 adder skeletons
  2 worms (D:4)
  3 dart slugs
  7 leopard geckos
  108 orcs
  8 bats
  5 giant cockroaches
  7 goblins
  8 hobgoblins
  13 jackals
  5 quokkas
  6 frilled lizards
  2 jackal skeletons
  28 kobolds
  A leopard gecko zombie (D:8)
  A quokka zombie (D:9)
  13 rats
  3 crawling corpses (Elf:3)
  A fungus (D:9)
  2 plants (Lair:6)
1768 creatures vanquished.

Vanquished Creatures (collateral kills)
  the Lernaean hydra (Swamp:4)
  A titan (Vaults:5)
  A fire giant (Vaults:5)
  A swamp dragon (Swamp:4)
  2 bog bodies (Swamp:4)
  A swamp drake (Swamp:4)
  An ogre (Vaults:5)
  An orc (Vaults:5)
9 creatures vanquished.

Vanquished Creatures (others)
  An ogre mage (Vaults:3)
  A two-headed ogre (Vaults:3)
  2 naga sharpshooters
  3 deep elf knights
  2 deep elf archers
  A deep elf mage (Elf:1)
  A centaur simulacrum (D:14)
  A swamp drake (Swamp:2)
  An orc warrior (Vaults:2)
  6 ogres (Vaults:3)
  A centaur (D:8)
  An orc wizard (D:4)
  2 orcs
  11 fungi
  6 plants
40 creatures vanquished.

Grand Total: 1817 creatures vanquished

Notes
Turn   | Place    | Note
-------+----------+-------------------------------------------
     0 | D:1      | Notair the Minotaur Gladiator began the quest for the Orb.
     0 | D:1      | Reached XP level 1. HP: 18/18 MP: 0/0
   458 | D:1      | Reached XP level 2. HP: 25/25 MP: 1/1
   492 | D:1      | Reached skill level 1 in Armour
   552 | D:1      | Reached skill level 3 in Fighting
   557 | D:1      | Reached XP level 3. HP: 31/31 MP: 2/2
  1212 | D:2      | Found a radiant altar of Vehumet.
  1726 | D:3      | Found an opulent altar of Gozag.
  1808 | D:3      | Reached XP level 4. HP: 9/38 MP: 3/3
  1811 | D:2      | Reached skill level 5 in Polearms
  2129 | D:3      | Found a faded altar of an unknown god.
  2198 | D:3      | Found an ancient bone altar of Kikubaaqudgha.
  2434 | D:3      | Reached XP level 5. HP: 29/46 MP: 4/4
  3047 | D:4      | Reached skill level 4 in Fighting
  3130 | D:4      | Reached XP level 6. HP: 52/53 MP: 5/5
  3385 | D:4      | Got a coiled wooden ring
  3588 | D:4      | Reached skill level 5 in Fighting
  3588 | D:4      | Reached XP level 7. HP: 47/61 MP: 6/6
  3854 | D:4      | Identified the Handbook of Dark Arts and Envenoming
  3943 | D:5      | Entered Level 5 of the Dungeon
  3991 | D:5      | Found a shimmering altar of Xom.
  4120 | D:5      | Found a staircase to the Ecumenical Temple.
  4142 | Temple   | Entered the Ecumenical Temple
  4275 | Temple   | Became a worshipper of Warmaster Okawaru
  4323 | D:5      | Reached skill level 5 in Armour
  4450 | D:5      | Identified the ring "Voitiss" {+Fly rF+ Int-2 Dex+3} (You
                  | found it on level 4 of the Dungeon)
  4771 | D:5      | Reached XP level 8. HP: 70/70 MP: 7/7
  4931 | D:6      | Reached skill level 6 in Fighting
  5255 | D:6      | Found a sparkling altar of Nemelex Xobeh.
  5409 | D:6      | Reached * piety under Okawaru
  6030 | D:7      | Reached skill level 10 in Polearms
  6034 | D:7      | Reached skill level 7 in Fighting
  6265 | D:7      | Noticed a hornet
  6275 | D:7      | Paralysed by a hornet for 3 turns
  6281 | D:7      | Paralysed by a hornet for 1 turns
  6283 | D:7      | Paralysed by a hornet for 3 turns
  6289 | D:7      | Killed a hornet
  6289 | D:7      | Reached ** piety under Okawaru
  6607 | D:7      | Noticed a hippogriff
  6619 | D:7      | Killed a hippogriff
  6619 | D:7      | Reached XP level 9. HP: 63/79 MP: 5/8
  6916 | D:7      | Found a shadowy altar of Dithmenos.
  7223 | D:7      | Reached skill level 8 in Fighting
  7230 | D:7      | Reached *** piety under Okawaru
  7612 | D:8      | Found a transporter.
  7777 | D:8      | Found a transporter.
  7804 | D:8      | Noticed a kobold demonologist
  7871 | D:8      | Found Nazeykh's Magic Scroll Shoppe.
  7882 | D:8      | Bought a scroll of magic mapping for 42 gold pieces
  8676 | D:8      | Noticed a hellwing
  8693 | D:8      | Noticed an ice devil
  8696 | D:8      | Noticed a sixfirhy
  8711 | D:8      | Noticed an orange demon
  8712 | D:8      | Noticed a soul eater
  9012 | D:9      | Reached skill level 9 in Fighting
  9012 | D:9      | Reached XP level 10. HP: 85/91 MP: 9/9
  9015 | D:9      | Reached **** piety under Okawaru
  9062 | D:9      | Found a staircase to the Lair.
  9292 | D:9      | Noticed a two-headed ogre
  9300 | D:9      | Killed a two-headed ogre
  9300 | D:9      | Reached ***** piety under Okawaru
  9581 | D:9      | Found a glowing golden altar of the Shining One.
  9638 | D:9      | Found a glowing silver altar of Zin.
  9638 | D:9      | Found a burning altar of Makhleb.
  9639 | D:9      | Noticed an Executioner
  9639 | D:9      | Noticed an angel
  9648 | D:9      | Noticed a two-headed ogre
  9655 | D:9      | Killed a two-headed ogre
  9655 | D:9      | Reached skill level 10 in Fighting
 10058 | D:9      | Found a hide-covered altar of Uskayaw.
 10148 | D:10     | Entered Level 10 of the Dungeon
 10223 | D:10     | Found Mum Wee's Assorted Antiques.
 10411 | D:10     | Reached skill level 10 in Armour
 10755 | D:10     | Received a gift from Okawaru
 10788 | D:10     | Reached XP level 11. HP: 60/101 MP: 8/10
 10965 | D:10     | Found a staircase to the Orcish Mines.
 11088 | D:11     | Noticed Erica
 11090 | D:11     | Noticed Grum
 11110 | D:11     | Killed Erica
 11333 | D:11     | Killed Grum
 11393 | D:11     | Reached skill level 11 in Fighting
 11402 | D:11     | You fall through a shaft for 2 floors!
 11407 | D:13     | Noticed a green ugly thing
 11423 | D:13     | Killed a green ugly thing
 12080 | D:11     | Reached skill level 12 in Fighting
 12147 | D:11     | Noticed Psyche
 12149 | D:11     | Noticed Psyche
 12149 | D:11     | Psyche changed into Psyche the basilisk
 12164 | D:11     | Killed Psyche the basilisk
 12414 | D:12     | Noticed Urug
 12888 | D:11     | Killed Urug
 12888 | D:11     | Received a gift from Okawaru
 13234 | D:12     | Noticed a four-headed hydra
 13246 | D:12     | Killed a four-headed hydra
 13420 | D:12     | Reached skill level 13 in Fighting
 13532 | D:12     | Reached XP level 12. HP: 63/115 MP: 11/11
 14001 | D:13     | Noticed a two-headed ogre
 14002 | D:13     | Noticed a two-headed ogre
 14005 | D:13     | Noticed an ogre mage
 14026 | D:13     | Killed a two-headed ogre
 14026 | D:13     | Received a gift from Okawaru
 14028 | D:13     | Killed a two-headed ogre
 14036 | D:13     | Killed an ogre mage
 14377 | D:13     | Found a gate to the Vaults.
 14778 | D:14     | Noticed a fire dragon
 14785 | D:13     | Reached skill level 14 in Fighting
 14801 | D:14     | Killed a fire dragon
 14801 | D:14     | Received a gift from Okawaru
 14841 | D:13     | Identified a +2 pair of boots of running (Okawaru gifted it
                  | to you on level 14 of the Dungeon)
 15084 | D:14     | Noticed Kirke
 15086 | D:14     | Noticed a sphinx
 15138 | D:14     | Noticed a sphinx
 15141 | D:14     | Killed Kirke
 15355 | D:14     | Reached skill level 15 in Fighting
 15489 | D:14     | Noticed Agnes
 15503 | D:14     | Killed Agnes
 15503 | D:14     | Reached skill level 15 in Armour
 15849 | D:14     | Noticed a rakshasa
 15862 | D:14     | Killed a rakshasa
 15862 | D:14     | Reached XP level 13. HP: 88/127 MP: 12/12
 16138 | D:14     | Reached ****** piety under Okawaru
 16177 | D:14     | Received a gift from Okawaru
 16512 | D:14     | Found the +3 giant club "Skullcrusher" {speed, Str+7}
 16858 | D:14     | Reached skill level 16 in Fighting
 17351 | D:15     | Entered Level 15 of the Dungeon
 18014 | D:15     | Found Ocyxoliyty's Antique Weapon Shop.
 19073 | D:14     | Received a gift from Okawaru
 19851 | D:15     | Reached skill level 17 in Fighting
 21058 | D:15     | Found a staircase to the Depths.
 21287 | Lair:1   | Entered Level 1 of the Lair of Beasts
 21383 | Lair:1   | Reached XP level 14. HP: 140/140 MP: 13/13
 21794 | Lair:1   | Reached skill level 1 in Invocations
 21927 | Lair:2   | Found a frozen archway.
 21943 | IceCv    | Entered an ice cave
 22407 | IceCv    | Received a gift from Okawaru
 22450 | IceCv    | Identified the +6 large shield of Salvation {rCorr} (You
                  | found it in an ice cave)
 22561 | Lair:2   | Found a staircase to the Snake Pit.
 24063 | Lair:3   | Found a runed door.
 24485 | Lair:3   | Got a brightly glowing bone ring
 24487 | Lair:3   | Identified the ring "Xitiff" {rCorr rF+ rC+ MR+ Int+4} (You
                  | found it on level 3 of the Lair of Beasts)
 24607 | Lair:4   | Found a gate leading to a gauntlet.
 24631 | Gauntlet | Entered a Gauntlet
 24631 | Gauntlet | Found a transporter.
 24690 | Gauntlet | Found a transporter.
 24704 | Gauntlet | Found a transporter.
 24708 | Gauntlet | Found a transporter.
 24723 | Gauntlet | Found a transporter.
 24744 | Gauntlet | Found a transporter.
 24748 | Gauntlet | Found a transporter.
 24752 | Gauntlet | Found a transporter.
 24794 | Gauntlet | Found a transporter.
 24808 | Gauntlet | Found a transporter.
 24808 | Gauntlet | Found a transporter.
 24813 | Gauntlet | Found a transporter.
 25123 | Gauntlet | Got a pair of bloodstained gloves
 25168 | Gauntlet | Identified the cursed +0 pair of gloves "Famakheg" {*Contam
                  | rF+++ Int-2 Dex+4} (You found it in a Gauntlet)
 25190 | Gauntlet | Gained mutation: Your magical capacity is low. (-10% MP)
                  | [mutagenic glow]
 25234 | Gauntlet | Reached skill level 18 in Fighting
 25321 | Lair:4   | Reached skill level 15 in Polearms
 25397 | Lair:4   | Reached skill level 5 in Invocations
 26074 | Lair:4   | Received a gift from Okawaru
 26083 | Lair:4   | Found a staircase to the Swamp.
 26962 | Lair:5   | Found a dark tunnel.
 26973 | Volcano  | Entered a volcano
 27458 | Lair:5   | Reached XP level 15. HP: 150/150 MP: 16/16
 27825 | Lair:5   | Found a staircase to the Slime Pits.
 28015 | Lair:6   | Entered Level 6 of the Lair of Beasts
 28026 | Lair:6   | Paralysed by a hornet for 3 turns
 28287 | Lair:6   | Found a runed door.
 28393 | Lair:6   | Received a gift from Okawaru
 28735 | Lair:6   | Noticed Sonja
 28758 | Lair:6   | Killed Sonja
 29552 | Swamp:1  | Entered Level 1 of the Swamp
 30539 | Swamp:2  | Reached skill level 19 in Fighting
 30737 | Swamp:2  | Noticed a thorn hunter
 30865 | Swamp:2  | Killed a thorn hunter
 32286 | Swamp:3  | Received a gift from Okawaru
 33197 | Swamp:4  | Entered Level 4 of the Swamp
 34018 | Swamp:4  | Reached XP level 16. HP: 131/160 MP: 18/18
 34816 | Swamp:4  | Received a gift from Okawaru
 35229 | Swamp:4  | Noticed the 27-headed Lernaean hydra
 35241 | Swamp:4  | Killed the 27-headed Lernaean hydra
 35588 | Swamp:4  | Got a decaying rune of Zot
 36179 | Orc:1    | Entered Level 1 of the Orcish Mines
 36179 | Orc:1    | Found Zadgha's Weapon Boutique.
 36369 | Orc:2    | Entered Level 2 of the Orcish Mines
 36392 | Orc:2    | Reached skill level 5 in Dodging
 36635 | Orc:2    | Received a gift from Okawaru
 37157 | Orc:2    | Reached skill level 20 in Fighting
 37322 | Orc:2    | Found Cerisut's Antique Armour Shop.
 37322 | Orc:2    | Found Zeodgh's Gadget Emporium.
 37322 | Orc:2    | Found Atheih's Book Shoppe.
 37322 | Orc:2    | Found Houji's Distillery.
 37328 | Orc:2    | Bought a pair of distressingly furry gloves for 332 gold
                  | pieces
 37328 | Orc:2    | Identified the cursed +0 pair of gloves of Articulation
                  | {Int+7} (You bought it in a shop on level 2 of the Orcish
                  | Mines)
 37330 | Orc:2    | Bought a potion of heal wounds for 55 gold pieces
 37330 | Orc:2    | Bought a potion of curing for 33 gold pieces
 37330 | Orc:2    | Bought a potion of agility for 44 gold pieces
 37449 | Orc:2    | Found a staircase to the Elven Halls.
 37879 | Orc:1    | Found a runed door.
 37879 | Orc:1    | Noticed Lape Raemo's ghost (journeyman KoBe)
 37921 | Orc:1    | Killed Lape Raemo's ghost
 38272 | Snake:1  | Entered Level 1 of the Snake Pit
 38315 | Snake:1  | Identified a scroll of acquirement
 38361 | Snake:1  | Found Vaerphino's Gadget Boutique.
 39017 | Snake:1  | Reached XP level 17. HP: 170/170 MP: 19/19
 39061 | Snake:1  | Received a gift from Okawaru
 39084 | Snake:1  | Noticed Asterion
 39107 | Snake:1  | Killed Asterion
 39462 | Snake:1  | Noticed Josephine
 39466 | Snake:1  | Killed Josephine
 40336 | Snake:2  | Found a flickering gateway to a bazaar.
 40343 | Bazaar   | Entered a bazaar
 40363 | Bazaar   | Found Fughesac's Magic Scroll Shoppe.
 40427 | Bazaar   | Found Qetihest's Gadget Shoppe.
 40482 | Bazaar   | Found Leuloah's Gadget Shoppe.
 40525 | Bazaar   | Found Vunwu's Book Boutique.
 40812 | Bazaar   | Bought a scroll of identify for 20 gold pieces
 40812 | Bazaar   | Bought a scroll of identify for 20 gold pieces
 40812 | Bazaar   | Bought a scroll of identify for 20 gold pieces
 40812 | Bazaar   | Bought a scroll of summoning for 95 gold pieces
 40812 | Bazaar   | Bought a scroll of enchant armour for 75 gold pieces
 40812 | Bazaar   | Bought a scroll of enchant weapon for 75 gold pieces
 40827 | Bazaar   | Bought a scroll of silence for 75 gold pieces
 40827 | Bazaar   | Bought a scroll of identify for 20 gold pieces
 40972 | Snake:2  | Found an opulent altar of Gozag.
 41657 | Snake:2  | Noticed Vashnia
 41676 | Snake:2  | Killed Vashnia
 42772 | Snake:3  | Reached skill level 21 in Fighting
 42792 | Snake:3  | Reached skill level 10 in Dodging
 43140 | Snake:3  | Learned a level 3 spell: Regeneration
 43143 | Snake:3  | Learned a level 2 spell: Swiftness
 43150 | Snake:3  | Learned a level 6 spell: Deflect Missiles
 43731 | Snake:3  | Received a gift from Okawaru
 43966 | Snake:3  | Reached skill level 1 in Necromancy
 43990 | Snake:3  | Reached skill level 1 in Charms
 43991 | Snake:3  | Reached skill level 1 in Spellcasting
 44221 | Snake:3  | Found Kaluhati's Book Shoppe.
 44232 | Snake:3  | Bought a book of Battle for 760 gold pieces
 44516 | Snake:3  | Learned a level 2 spell: Song of Slaying
 44520 | Snake:3  | Learned a level 3 spell: Spectral Weapon
 44523 | Snake:3  | Learned a level 2 spell: Blink
 44524 | Snake:4  | Entered Level 4 of the Snake Pit
 44602 | Snake:4  | Reached XP level 18. HP: 121/182 MP: 20/20
 45627 | Snake:4  | Received a gift from Okawaru
 47384 | Snake:4  | Received a gift from Okawaru
 47633 | Snake:4  | Received a gift from Okawaru
 48805 | Snake:4  | Received a gift from Okawaru
 48820 | Snake:4  | Reached skill level 22 in Fighting
 49582 | Snake:4  | Got a serpentine rune of Zot
 50093 | Elf:1    | Entered Level 1 of the Elven Halls
 50114 | Elf:1    | You fall through a shaft!
 50123 | Elf:2    | Received a gift from Okawaru
 50206 | Elf:2    | Reached XP level 19. HP: 179/191 MP: 21/21
 50253 | Elf:2    | Reached skill level 5 in Necromancy
 50652 | Elf:2    | Found a runed gate.
 50785 | Elf:2    | Received a gift from Okawaru
 50848 | Elf:2    | Found a runed gate.
 50850 | Elf:2    | Found a runed gate.
 50892 | Elf:2    | Found Ythi Ryc's Armour Boutique.
 51112 | Elf:2    | Reached skill level 5 in Charms
 53901 | Elf:1    | Identified the Disquisition on Companions
 53940 | Elf:1    | Reached skill level 23 in Fighting
 54736 | Elf:1    | Found a large runed door.
 54737 | Elf:1    | Found a large runed door.
 54789 | Elf:1    | Noticed Nikola
 54818 | Elf:1    | Killed Nikola
 54818 | Elf:1    | Received a gift from Okawaru
 55262 | Elf:1    | Noticed Unoem's ghost (adept MiBe)
 55302 | Elf:1    | Killed Unoem's ghost
 55529 | Elf:3    | Entered Level 3 of the Elven Halls
 55823 | Elf:3    | Found Asoad's Food Emporium.
 56724 | Elf:3    | Noticed a Brimstone Fiend
 56740 | Elf:3    | Reached skill level 15 in Dodging
 56746 | Elf:3    | Reached XP level 20. HP: 191/204 MP: 20/22
 57835 | Elf:3    | Received a gift from Okawaru
 58132 | Elf:3    | Reached skill level 24 in Fighting
 58294 | Elf:3    | Identified the cursed +3 long sword of the Ass {drain,
                  | rElec Str+4 Int+5 Dex-5}
 58537 | Elf:3    | Identified the cursed +2 trident of Arhid {drain, rElec rC+
                  | Str-4 Int+4}
 58537 | Elf:3    | Identified the ring "Benomo Ziso" {+Inv +Fly rPois}
 58961 | Elf:3    | Identified the ring "Xaam" {rN+ Str+4 Int+5 Dex-4} (You
                  | found it on level 3 of the Elven Halls)
 59398 | Vaults:1 | Entered Level 1 of the Vaults
 60063 | Vaults:1 | Reached skill level 1 in Air Magic
 60229 | Vaults:1 | Found Icuirak's General Store.
 60243 | Vaults:1 | Bought a potion of curing for 63 gold pieces
 60243 | Vaults:1 | Bought a scroll of teleportation for 63 gold pieces
 61093 | Vaults:1 | Gained mutation: You are frail. (-10% HP) [a shining eye]
 61885 | Vaults:2 | Received a gift from Okawaru
 62380 | Vaults:2 | Reached XP level 21. HP: 149/193 MP: 17/23
 63019 | Vaults:2 | Received a gift from Okawaru
 64420 | Vaults:3 | Found a flickering gateway to a bazaar.
 64429 | Bazaar   | Entered a bazaar
 64429 | Bazaar   | Found Soodghith's Jewellery Shoppe.
 64429 | Bazaar   | Found Lynt's Book Boutique.
 64429 | Bazaar   | Found Dutrak's Antique Weapon Shoppe.
 64429 | Bazaar   | Found Limni's Antique Armour Shop.
 64431 | Bazaar   | Found Zoyh's Magic Scroll Emporium.
 64431 | Bazaar   | Found Qoliqui's Jewellery Shop.
 64458 | Bazaar   | Bought a scroll of teleportation for 45 gold pieces
 64458 | Bazaar   | Bought a scroll of enchant weapon for 112 gold pieces
 64458 | Bazaar   | Bought a scroll of summoning for 142 gold pieces
 64562 | Vaults:3 | Found a staircase to the Crypt.
 64562 | Vaults:3 | Found an ancient bone altar of Kikubaaqudgha.
 64563 | Vaults:3 | Found a basalt altar of Yredelemnul.
 64735 | Vaults:3 | Received a gift from Okawaru
 65087 | Vaults:3 | Reached skill level 5 in Air Magic
 65182 | Vaults:3 | Reached skill level 25 in Fighting
 67010 | Vaults:4 | Received a gift from Okawaru
 67194 | Vaults:4 | Reached XP level 22. HP: 131/203 MP: 18/24
 67486 | Vaults:4 | Found a sparkling altar of Nemelex Xobeh.
 67790 | Vaults:5 | Entered Level 5 of the Vaults
 68282 | Vaults:4 | Received a gift from Okawaru
 69122 | Vaults:5 | Identified the +8 flail of the Endless Runes {crush, +Rage
                  | rN++ Int-5}
 69918 | Vaults:5 | Received a gift from Okawaru
 70017 | Vaults:5 | Reached skill level 26 in Fighting
 70245 | Vaults:5 | Slain by a vault warden

Vault maps used:
D:1:      nzn_arrival_settlement, minmay_split_cup_small
D:2:      vehumet_crystals, first_ration
D:3:      lemuel_doored_altar, chequers_ecumenical_altar_grove,
          grunt_gozag_statues
D:5:      lemuel_coloured_pillars_altar, minmay_temple_entry_wispy
D:6:      kennysheep_little_box
D:7:      nicolae_overflow_crystal_walls, grunt_livestock, minmay_misc_feat_iff,
          chequers_jeans
D:8:      gammafunk_wand_slinger, serial_shops, nicolae_shop_stone,
          minmay_misc_feat_x
D:9:      grunt_temple_overflow_order_and_chaos_2, lemuel_round_altar,
          nicolae_overflow_hidden_temple, due_lair_maze_entry_diamond
D:10:     david_orc_4, serial_shops, nicolae_shop_behind_doors
D:11:     uniq_grum, uniq_erica, uniq_psyche
D:12:     uniq_urug
D:13:     david_vaults_2
D:14:     minmay_chambers_of_sevens, kennysheep_another_room,
          minmay_guarded_unrand_skullcrusher, uniq_agnes, uniq_kirke
D:15:     gammafunk_enter_depths_forms, serial_shops, shop_coins,
          hangedman_decor_push
Temple:   oiseaux_autumnal_temple
Lair:1:   beast_lair_carwin_3
Lair:2:   minmay_snake_entry_spellcaster, portal_ice_cave_rime
Lair:3:   pf_torpor_hydra
Lair:4:   nicolae_swamp_entry_splash_gauntlet, gauntlet_entry_generic,
          grunt_forest_large_clearings, grunt_megastairs_2
Lair:5:   minmay_slime_entry_oklob_open, enter_volcano_2, forest_entry_grove
Lair:6:   wormcave, grunt_megastairs_4, uniq_sonja
Swamp:1:  evilmike_swamp_ruin_house_4, infiniplex_staircase_pool_2
Swamp:2:  hangedman_swamp_lotus
Swamp:3:  evilmike_swamp_ruin_rubble_2
Swamp:4:  grunt_swamp_rune_castle
Snake:1:  serial_shops, shop, st_stairs_11, uniq_josephine, uniq_asterion
Snake:2:  basic_altar, serial_shops, bzr_entry_safe, serial_bayou_shore_b,
          uniq_vashnia
Snake:3:  serial_shops, shop, special_room
Snake:4:  snake_pit_salamanders_mu, serial_bayou_pond_d
Orc:1:    serial_shops, nicolae_shop_crystal, gammafunk_ghost_grave
Orc:2:    st_orc_ogre_mass
Elf:1:    minmay_elf_arrival_circle, ebering_ghost_disaster_area,
          minmay_elf_demonology, uniq_nikola
Elf:2:    serial_shops, nicolae_shop_waterfront, spider_trap
Elf:3:    grunt_elf_hall_asides, serial_shops, shop, guppyfry_elf_garden
Vaults:1: vaults_room_grid, v_misc_13, v_rooms_3, hangedman_vaults_capsules,
          vaults_room_grunt_arrival_checkpoint, hangedman_vaults_impose,
          hangedman_vaults_restitches, nicolae_vaults_murderbox, serial_shops,
          shop
Vaults:2: ontoclasm_vaults_bender, nicolae_vaults_network_quincunx,
          nicolae_vaults_stairing_the_circle, v_misc_4, vaults_room_semicircle,
          hangedman_vaults_snaps, dpeg_vaults_monster_box, v_rooms_4,
          vaults_room_door_ring, st_lattice, grunt_vaults_focal,
          ontoclasm_vaults_hangar, nicolae_vaults_little_ls,
          ontoclasm_vaults_decontamination, ontoclasm_vaults_ring_small
Vaults:3: hangedman_vaults_locks, st_squares, minmay_crypt_entry_necro_gods,
          v_misc_5, nicolae_vaults_network_square, vaults_room_hallway,
          nicolae_vaults_specimen_jars, nicolae_vaults_shelves_hall,
          vaults_dpeg_hooks, v_misc_17, v_misc_19,
          ontoclasm_vaults_loading_screen, vaults_mumra_minichess_inversion,
          serial_shops, freezing_bzr
Vaults:4: vaults_room_corners, hangedman_vaults_pinch, vaults_dpeg_ring,
          nicolae_vaults_border_crossing, nicolae_vaults_shelves_hall,
          nicolae_vaults_triangles, ontoclasm_vaults_fire_temple,
          nicolae_vaults_windows_and_doors_thing, v_misc_2,
          nicolae_vaults_little_squares_4, v_misc_14,
          nicolae_vaults_diagonal_hallway_7, basic_altar
Bazaar:   bazaar_minmay_generic_d, bazaar_minmay_generic_island
IceCv:    ice_cave_tombish
Volcano:  volcano_overflow
Gauntlet: minmay_gauntlet_mixed_oops_all_seconds

Skill      XL: |  1  2  3  4  5  6  7  8  9 10 11 12 13 14 15 16 17 18 19 20 21 22 |
---------------+-------------------------------------------------------------------+-----
Polearms       | 4 5 6 7 8 10 12 14 15 17 19 20 21 22 | 22.2
Armour         | 1 2 3 4 5 6 8 10 12 15 17 18 | 18.0
Fighting       | 3 4 5 7 9 10 13 15 17 18 19 20 21 22 23 24 25 26 | 26.1
Invocations    | 6 8 |  8.0
Dodging        | 7 10 12 15 16 17 18 | 18.0
Necromancy     | 1 4 5 7 |  7.0
Charms         | 1 4 5 6 |  6.0
Spellcasting   | 1 2 |  2.0
Air Magic      | 4 6 |  6.0
Throwing       | |  2.0

Action                   |  1- 3 |  4- 6 |  7- 9 | 10-12 | 13-15 | 16-18 | 19-21 | 22-24 || total
-------------------------+-------+-------+-------+-------+-------+-------+-------+-------++-------
Melee: Trident           |   114 |    82 |       |     7 |    17 |       |       |       ||   220
       Headbutt          |    13 |    23 |    79 |   154 |   327 |   316 |   342 |    90 ||  1344
       Halberd           |       |    73 |   430 |   722 |   987 |       |       |       ||  2212
       Glaive            |       |       |       |       |   484 |  1458 |   768 |       ||  2710
       Bardiche          |       |       |       |       |       |       |   928 |   406 ||  1334
Throw: Stone             |     4 |     3 |     2 |       |       |       |       |       ||     9
       Throwing net      |     1 |       |       |       |       |       |       |       ||     1
 Cast: Regeneration      |       |       |       |       |       |     1 |    18 |    19 ||    38
       Song of Slaying   |       |       |       |       |       |     1 |    17 |     3 ||    21
Invok: Heroism           |       |       |     3 |    11 |    10 |    14 |    30 |    13 ||    81
       Finesse           |       |       |       |       |     1 |     7 |    14 |     5 ||    27
Evoke: Wand              |       |       |     2 |     5 |    12 |     3 |       |       ||    22
       Phantom mirror    |       |       |       |       |       |     1 |       |       ||     1
  Use: Scroll            |     1 |     6 |     8 |     8 |    20 |    13 |    15 |     3 ||    74
       Potion            |       |       |       |     2 |     5 |     1 |     3 |    15 ||    26
 Stab: Distracted        |       |       |       |       |     2 |     2 |     2 |     1 ||     7
       Paralysed         |       |       |       |       |     1 |       |       |       ||     1
       Confused          |       |       |       |       |       |     1 |       |       ||     1
  Eat: Chunk             |     3 |     5 |    13 |    23 |    22 |    16 |    33 |     5 ||   120
       Ration            |       |       |     1 |     1 |    10 |    10 |     7 |     3 ||    32
Armor: Plate armour      |    58 |    83 |   222 |   377 |   725 |       |       |       ||  1465
       Fire dragon scale |       |       |       |       |   182 |   507 |   515 |   143 ||  1347
Dodge: Dodged            |    24 |    36 |   125 |   180 |   538 |   656 |   820 |   383 ||  2762
Block: Other             |       |       |    50 |    83 |   222 |   170 |   186 |    66 ||   777
       Reflection        |       |       |     6 |     5 |     7 |    25 |    24 |     8 ||    75

Table legend:
 A = Non-vault XP
 B = Vault XP
 C = Vault XP percentage of total XP
 D = Non-vault monster count
 E = Vault monster count
 F = Vault count percentage of total count
                 A         B        C        D         E       F
            +---------+---------+-------+---------+---------+-------
      Total |  396343 |  424621 |  51.7 |    1158 |     622 |  34.9
            +---------+---------+-------+---------+---------+-------
        D:1 |      44 |       4 |   8.3 |      23 |       3 |  11.5
        D:2 |      25 |       0 |   0.0 |      15 |       0 |   0.0
        D:3 |     166 |       0 |   0.0 |      23 |       0 |   0.0
        D:4 |     663 |       0 |   0.0 |      37 |       0 |   0.0
        D:5 |     524 |       0 |   0.0 |      20 |       0 |   0.0
        D:6 |     630 |       0 |   0.0 |      16 |       0 |   0.0
        D:7 |    1375 |     982 |  41.7 |      32 |       5 |  13.5
        D:8 |    1014 |      85 |   7.7 |      29 |       2 |   6.5
        D:9 |    3135 |    1117 |  26.3 |      26 |       9 |  25.7
       D:10 |     706 |     870 |  55.2 |       9 |      15 |  62.5
       D:11 |    2323 |    2145 |  48.0 |      25 |       4 |  13.8
       D:12 |    5303 |       0 |   0.0 |      37 |       0 |   0.0
       D:13 |    3883 |    2617 |  40.3 |      28 |       3 |   9.7
       D:14 |    8524 |   17259 |  66.9 |      31 |      42 |  57.5
       D:15 |    8141 |    2171 |  21.1 |      22 |       5 |  18.5
     Lair:1 |    2800 |     508 |  15.4 |      16 |       4 |  20.0
     Lair:2 |    5437 |    1178 |  17.8 |      21 |       3 |  12.5
     Lair:3 |    1848 |    1413 |  43.3 |      10 |       2 |  16.7
     Lair:4 |    3596 |    4457 |  55.3 |      14 |      35 |  71.4
     Lair:5 |   10459 |    1180 |  10.1 |      34 |       7 |  17.1
     Lair:6 |    3858 |    8317 |  68.3 |      14 |      20 |  58.8
    Swamp:1 |   10862 |       0 |   0.0 |      20 |       0 |   0.0
    Swamp:2 |   11988 |       0 |   0.0 |      25 |       0 |   0.0
    Swamp:3 |    5378 |    2263 |  29.6 |      16 |       4 |  20.0
    Swamp:4 |   10716 |   16727 |  61.0 |      33 |      30 |  47.6
    Snake:1 |   13950 |    5747 |  29.2 |      27 |       8 |  22.9
    Snake:2 |   20520 |    8304 |  28.8 |      38 |       5 |  11.6
    Snake:3 |   29767 |       0 |   0.0 |      51 |       0 |   0.0
    Snake:4 |   30267 |   56519 |  65.1 |      47 |      74 |  61.2
      Orc:1 |    2603 |    1830 |  41.3 |      47 |       4 |   7.8
      Orc:2 |    6825 |   20572 |  75.1 |      29 |      35 |  54.7
      Elf:1 |   21863 |   14292 |  39.5 |      37 |      14 |  27.5
      Elf:2 |   20718 |   23221 |  52.8 |      39 |      29 |  42.6
      Elf:3 |   24223 |   47883 |  66.4 |      38 |      33 |  46.5
   Vaults:1 |   11627 |   12579 |  52.0 |      20 |      20 |  50.0
   Vaults:2 |   43282 |   33354 |  43.5 |      70 |      49 |  41.2
   Vaults:3 |   29419 |   16568 |  36.0 |      66 |      20 |  23.3
   Vaults:4 |   18481 |   47660 |  72.1 |      36 |      64 |  64.0
   Vaults:5 |   19400 |   63265 |  76.5 |      37 |      45 |  54.9
      IceCv |       0 |    3527 | 100.0 |       0 |      18 | 100.0
    Volcano |       0 |    1425 | 100.0 |       0 |       4 | 100.0
   Gauntlet |       0 |    4582 | 100.0 |       0 |       7 | 100.0
            +---------+---------+-------+---------+---------+-------
